 Dungeon Crawl Stone Soup version 0.19-a0-1167-g79b6552 (webtiles) character file.

177 Jmtri7 the Chopper (level 5, -4/47 HPs)
             Began as a Hill Orc Fighter on Aug 14, 2016.
             Was an Initiate of Gozag.
             Slain by Grinder (8 damage)
             ... on level 4 of the Dungeon.
             The game lasted 00:06:27 (2770 turns).

Jmtri7 the Chopper (Hill Orc Fighter)               Turns: 2770, Time: 00:06:27

Health: -4/47      AC:  6    Str: 25    XL:     5   Next: 57%
Magic:  5/5        EV:  7    Int:  8    God:    Gozag
Gold:   133        SH:  9    Dex: 10    Spells: 0 memorised, 4 levels left

rFire  . . .     SeeInvis .     t - +5 rapier
rCold  . . .     Gourm    .     b - +0 scale mail
rNeg   . . .     Faith    .     c - +0 shield
rPois  .         Spirit   .     (no helmet)
rElec  .         Dismiss  .     (no cloak)
rCorr  +         Reflect  .     (no gloves)
MR     .....     Harm     .     (no boots)
Stlth  .......... Rnd*Tele +    (no amulet)
                                n - ring of resist corrosion
                                i - ring of teleportation (curse)

@: mighty, exhausted, slowed, very slow
A: no striking features
a: Potion Petition, Call Merchant, Bribe Branch, Renounce Religion


You were on level 4 of the Dungeon.
You worshipped Gozag.
Gozag was aware of your devotion.
You were very hungry.

You visited 2 branches of the dungeon, and saw 5 of its levels.

You collected 181 gold pieces.
You paid 48 gold pieces to Gozag.

Inventory:

Hand Weapons
 t - a +5 rapier (weapon)
Armour
 b - a +0 scale mail (worn)
 c - a +0 shield (worn)
Jewellery
 i - a cursed ring of teleportation (left hand)
 n - a ring of resist corrosion (right hand)
 r - an uncursed ring of positive energy
Scrolls
 u - a scroll of fear
Potions
 h - 3 potions of curing
 j - a potion of berserk rage
 k - a potion of lignification
 m - a potion of resistance {unknown}
 q - a potion of haste {unknown}
Comestibles
 f - 4 bread rations
 l - 3 slices of pizza
 o - 2 fruits


   Skills:
 + Level 4.3 Fighting
   Level 6.9 Axes
 - Level 3.2 Armour
 - Level 3.2 Shields


You had 4 spell levels left.
You didn't know any spells.

Dungeon Overview and Level Annotations

Branches:
Dungeon (4/15)             Temple (1/1) D:4

Altars:
Ashenzari
Elyvilon
Gozag
Hepliaklqana
Nemelex Xobeh
Qazlal
Ru
Uskayaw
Xom
Yredelemnul
Zin
The Shining One

Annotations:
D:4 Grinder


Message History

Grinder hits you but does no damage. Grinder hits you!
You writhe in agony.
You can move again.
Grinder grins, showing sharp teeth.
You block Grinder's attack.
You feel very mighty all of a sudden. Grinder hits you.
* * * LOW HITPOINT WARNING * * *
You writhe in agony.
* * * LOW HITPOINT WARNING * * *
You puncture Grinder!
Grinder is heavily wounded.
You block Grinder's attack. Grinder hits you.
* * * LOW HITPOINT WARNING * * *
You closely miss Grinder.
Grinder is heavily wounded.
Grinder gestures at you. You resist with significant effort. Grinder hits you!
You die...
Your body crumbles into a pile of gold.

##.. ....###....#.
.####...##.$..#.......
.........#...........
#...#............#
#...#.........(#
#..#...........# #
###........##
##..5....#
###..@.##.##
###.....###..######
#.......###.......#
#######?.#.....####
#.......## ##.......#
#### ##..##....#
#..###..####...# ...
##..##..# #..##


You could see Grinder.

Vanquished Creatures
  A hound (D:4)
  7 adders
  3 dart slugs
  4 giant geckos
  5 orcs
  2 giant cockroaches
  7 hobgoblins
  2 jackals (D:2)
  3 quokkas (D:2)
  A ball python (D:1)
  12 bats
  3 giant newts
  8 goblins
  11 kobolds
  5 rats
74 creatures vanquished.

Notes
Turn   | Place    | Note
-------+----------+-------------------------------------------
     0 | D:1      | Jmtri7 the Hill Orc Fighter began the quest for the Orb.
     0 | D:1      | Reached XP level 1. HP: 19/19 MP: 1/1
    85 | D:1      | Reached skill level 3 in Axes
   148 | D:1      | Reached XP level 2. HP: 26/26 MP: 2/2
   307 | D:1      | Reached skill level 4 in Axes
   666 | D:1      | Reached XP level 3. HP: 28/31 MP: 3/3
  1069 | D:2      | Reached skill level 5 in Axes
  1094 | D:2      | Reached XP level 4. HP: 32/39 MP: 4/4
  1192 | D:2      | Reached skill level 6 in Axes
  1842 | D:3      | Reached XP level 5. HP: 40/45 MP: 5/5
  2459 | D:4      | Found a staircase to the Ecumenical Temple.
  2463 | Temple   | Entered the Ecumenical Temple
  2474 | Temple   | Became a worshipper of Gozag Ym Sagoz the Greedy
  2741 | D:4      | Noticed Grinder
  2744 | D:4      | Paralysed by Grinder for 5 turns
  2770 | D:4      | Slain by Grinder

Vault maps used:
D:1:      lemuel_arrival_muddy, roderic_malta_cross
D:4:      first_bread, minivault_14, gammafunk_pakellas_spire_experiment,
          uniq_crazy_yiuf_cottage, uniq_grinder
Temple:   grunt_wide_crystal_templ

Skill      XL: |  1  2  3  4  5 |
---------------+----------------+-----
Axes           | 3 4 5 6 |  6.9
Fighting       | 4 |  4.3
Armour         | |  3.2
Shields        | |  3.2

Action                   |  1- 3 |  4- 6 || total
-------------------------+-------+-------++-------
Melee: War axe           |    97 |   105 ||   202
       Rapier            |       |    35 ||    35
  Use: Scroll            |       |     8 ||     8
       Potion            |       |     2 ||     2
  Eat: Chunk             |     1 |     4 ||     5
       Fruit             |       |     1 ||     1
Armor: Scale mail        |    44 |    46 ||    90
Dodge: Dodged            |    29 |    48 ||    77
Block: Shield            |    44 |    85 ||   129
